 Dungeon Crawl Stone Soup version 0.30-a0-634-g8abc85282e (console) character file.

Game seed: 1423993059784056432

34 jejorda2 the Poker (level 3, 0/30 HPs)
             Began as a Merfolk Berserker on Jan 14, 2023.
             Was a Follower of Trog.
             Slain by Jessica
             ... wielding a +0 dagger
              (2 damage)
             ... on level 2 of the Dungeon.
             The game lasted 00:05:19 (991 turns).

jejorda2 the Poker (Merfolk Berserker)               Turns: 991, Time: 00:05:19

Health: 0/30       AC:  5    Str: 21 (23) XL:     3   Next: 31%
Magic:  3/3        EV: 11    Int:  2 (5)  God:    Trog [*.....]
Gold:   72         SH:  0    Dex: 10 (12) Spells: 2/2 levels left

rFire   . . .      SeeInvis .    a - +0 spear
rCold   . . .      Faith    +    (no shield)
rNeg    . . .      Spirit   .    h - +0 ring mail
rPois   .          Reflect  .    (no helmet)
rElec   .          Harm     .    (no cloak)
rCorr   .          Rampage  .    (no gloves)
Will    .....                    (no boots) Stlth
                                 k - amulet of faith
HPRegen 0.25/turn                (no ring)
MPRegen 0.08/turn                (no ring)

@: on berserk cooldown, slowed, very slow
A: (nimble swimmer 2), mertail, strong 1, wild magic 1, evolution 1
a: Renounce Religion, Berserk


You were on level 2 of the Dungeon.
You worshipped Trog.
Trog was aware of your devotion.
You visited 1 branch of the dungeon, and saw 2 of its levels.

You collected 72 gold pieces.

Inventory:

Hand Weapons
 a - a +0 spear (weapon)
Missiles
 e - 31 stones (quivered)
Armour
 b - a +0 animal skin
 h - a +0 ring mail (worn)
Jewellery
 g - a ring of fire
 k - an amulet of faith (around neck)
Scrolls
 f - 2 scrolls of poison {unknown}
 i - a scroll of identify {unknown}
 j - a scroll of teleportation {unknown}


   Skills:
 + Level 3.6 Fighting
 * Level 5.0 Polearms
 - Level 1.3 Armour
 + Level 3.3 Dodging


You had 2 spell levels left.
You didn't know any spells.
Your spell library was empty.

Dungeon Overview and Level Annotations

Branches:
Dungeon (2/15)

Altars:

Annotations:
D:2 Jessica


Innate Abilities, Weirdness & Mutations

((You are very nimble when in or above water. (Stealth+, EV+, Speed+++)))
Your lower body shifts to a powerful aquatic tail in water.
Your muscles are strong. (Str +4, Int/Dex -1)
Your spells are a little harder to cast, but a little more powerful.
You have hidden genetic potential.


Message History

Pain shoots through your body!
* * * LOW HITPOINT WARNING * * *
Items here: ( ).
You are too injured to fight recklessly!
A red film seems to cover your vision as you go berserk!
You feel yourself moving faster!
You feel mighty! Jessica hits you with a +0 dagger.
* * * LOW HITPOINT WARNING * * *
You closely miss Jessica. Jessica misses you.
You hit Jessica but do no damage.
Jessica mumbles some strange words.
Jessica blinks!
Jessica gestures wildly while chanting.
Jessica blinks!
You feel a strong urge to attack something.
e - 31 stones (gained 2)
You see here a +0 dagger.
You feel your anger nearly subside.
You are no longer berserk.
You are exhausted.
You feel yourself slow down.
You closely miss Jessica. Jessica hits you but does no damage.
Jessica closely misses you.
You closely miss Jessica. Jessica hits you with a +0 dagger.
* * * LOW HITPOINT WARNING * * *
Jessica hits you with a +0 dagger.
* * * LOW HITPOINT WARNING * * *
You hit Jessica.
Jessica is severely wounded.
Jessica is no longer moving quickly.
Jessica completely misses you.
It was a potion of degeneration.
There was something very wrong with that liquid.
You feel weakened.
You feel dopey.
You feel clumsy. Jessica completely misses you. Jessica misses you.
It was a potion of mutation.
You feel extremely strange.
You feel less in control of your magic.
You feel a hidden potential growing inside you.
You feel stronger.
Jessica looks very angry.
Jessica hits you with a +0 dagger.
You die...

..#.#.. ..... ...
#.# . ##.## ..#####
##)..##
.......##.....##
..#............## .
......@@........##..
...................
...................
.............).#.#.
..#>..........#### .
#..........## #
#.########.## ..
..#.........#
#.####.######..#


You could see Jessica.

Vanquished Creatures
  An adder (D:2)
  A dart slug (D:1)
  5 endoplasms (D:1)
  A giant cockroach (D:1)
  6 goblins (D:1)
  3 ball pythons (D:1)
  A frilled lizard (D:1)
  4 kobolds
22 creatures vanquished.

Notes
Turn   | Place    | Note
-------+----------+-------------------------------------------
     0 | D:1      | jejorda2 the Merfolk Berserker began the quest for the Orb.
     0 | D:1      | Reached XP level 1. HP: 18/18 MP: 1/1
     6 | D:1      | Noticed a swamp drake
     6 | D:1      | Noticed a redback
     7 | D:1      | Noticed a polar bear
     7 | D:1      | Noticed a salamander
    91 | D:1      | Reached XP level 2. HP: 24/24 MP: 2/2
   606 | D:1      | Reached XP level 3. HP: 29/29 MP: 3/3
   952 | D:2      | Noticed Jessica
   964 | D:2      | Reached skill level 5 in Polearms
   988 | D:2      | HP: 1/30 [Jessica/+0 dagger (3)]
   991 | D:2      | Gained mutation: Your spells are a little harder to cast,
                  | but a little more powerful. [potion of mutation]
   991 | D:2      | Gained mutation: You have hidden genetic potential. [potion
                  | of mutation]
   991 | D:2      | Gained mutation: Your muscles are strong. (Str +4, Int/Dex
                  | -1) [potion of mutation]
   991 | D:2      | Slain by Jessica

Illustrated notes

Levels and vault maps discovered:
D:1:      onia_arrival_zoo_common, layout_basic
D:2:      layout_loops_cross, uniq_jessica, uniq_sigmund

Skill      XL: |  1  2  3 |
---------------+----------+-----
Dodging        | 3 |  3.3
Polearms       | 5 |  5.0
Fighting       | |  3.6
Armour         | |  1.3

Action                   || total
-------------------------++-------
Melee: Spear             ||    63
       Punch             ||     2
Invok: Berserk           ||     1
  Use: Potion            ||     2
Armor: Animal skin       ||     6
       Ring mail         ||     4
Dodge: Dodged            ||    24

Table legend: (Time is in decaauts)
 A = Elapsed time spent in this place.
 B = Non-inter-level travel time spent in this place.
 C = Inter-level travel time spent in this place.
 D = Time resting spent in this place.
 E = Time spent auto-exploring this place.
 F = Levels seen in this place.
 G = Mean time per level.
                   A        B        C        D        E       F      G
               +--------+--------+--------+--------+--------+-----+--------+
         Total |    982 |    923 |     59 |      0 |    749 |   2 |  491.0 |
       Dungeon |    982 |    923 |     59 |      0 |    749 |   2 |  491.0 |
               +--------+--------+--------+--------+--------+-----+--------+

Top non-repeatable levels by time:
     D:1: 935 daAuts
     D:2: 47 daAuts
